 Dungeon Crawl Stone Soup version 0.32-a0-22-g6ae6769602 (webtiles) character file.

Game seed: 14885777757201122996

426870 Drazool the Convoker (level 23, -10/196 (231) HPs)
             Began as an Octopode Summoner on Jan 18, 2024.
             Was a High Priest of Sif Muna.
             Killed from afar by a Tzitzimitl (41 damage)
             ... with a bolt of negative energy
             ... called by a doom hound
             ... on level 2 of the Depths on Jan 19, 2024.
             The game lasted 05:09:09 (62475 turns).

Drazool the Convoker (Octopode Summoner)           Turns: 62475, Time: 05:09:10

HP:   -10/196 (231) AC: 20    Str: 23    XL:     23   Next: 83%
MP:   32/43         EV: 11    Int: 38    God:    Sif Muna [*****.]
Gold: 2024          SH:  0    Dex: 16    Spells: 6/54 levels left

rFire   + +          +
                       - Unarmed
rCold   + + .        o - melded +4 kite shield {rC+ rF+}
rNeg    . . .        M - melded +1 hat of Ehiv {rPois rN+ Str+5 Dex+3}
rPois   +            E - amulet of Lina {Regen+ Str+3 Int+3}
rElec   .            e - ring of Raih {rPois Int+5}
rCorr   .            F - ring of protection from fire
SInv    +            I - ring "Umasef" {Fly rC++ Int+5}
Will    ++...        v - ring of see invisible
Stlth   ++++         i - ring of Sagam {rC+ Dex+3 Stlth+}
HPRegen 1.32/turn    t - +4 ring of protection
MPRegen 0.28/turn    T - +4 ring of protection
                     W - ring of willpower

%: no passive effects
@: dragon-form, flying, studying Axes, heavily drained
A: dragon claw, dragon scales, breathe fire, flying, boosted hp, almost no
armour, amphibious, 8 rings, giant, (camouflage 1), (gelatinous body 1), (nimble
swimmer 1), (tentacles)
}: 2/15 runes: decaying, serpentine
a: Breathe Fire, Begin Untransformation, Renounce Religion, Channel Magic,
Forget Spell, Divine Exegesis


You were on level 2 of the Depths.
You worshipped Sif Muna.
Sif Muna was extremely pleased with you.
You were a fearsome dragon!
You visited 9 branches of the dungeon, and saw 41 of its levels.
You visited the Abyss 1 time.
You also visited: Ossuary.

You collected 5227 gold pieces.
You spent 3203 gold pieces at shops.


Innate Abilities, Weirdness & Mutations

You are a fearsome dragon!
You have a powerful clawing attack.
Your giant scaled body is strong and resilient, but less evasive.
You can breathe fire.
You are flying.
Your maximum health is greatly increased.
Your armour is entirely melded.
You are incapable of wielding weapons or throwing items.
You cannot wear most types of armour.
You are amphibious.
You can wear up to eight rings at the same time.
((Your skin changes colour to match your surroundings (Stealth+).))
((Your rubbery body absorbs attacks. (AC +1, EV +1)))
((You are camouflaged when in or above water. (Stealth+)))
((You have tentacles for arms and can constrict up to eight enemies at once.))


   Skills:
 - Level 12.3 Fighting
 - Level 7.0 Dodging
 - Level 6.0 Stealth
 - Level 10.0 Shields
 - Level 17.0 Unarmed Combat
 - Level 16.0 Spellcasting
 + Level 17.6 Summonings
 - Level 15.0 Necromancy
 - Level 9.0 Fire Magic
 - Level 4.0 Air Magic
 - Level 2.0 Alchemy
 - Level 10.0 Invocations
 - Level 5.0 Evocations
 - Level 16.0 Shapeshifting


You had 6 spell levels left.
You knew the following spells:

 Your Spells              Type           Power      Damage    Failure   Level
b - Borgnjor's Vile Clut  Necr/Erth      36%        N/A       1%          5
d - Dragon's Call         Summ           52%        N/A       61%         9
h - Summon Hydra          Summ           52%        N/A       1%          7
l - Summon Lightning Spi  Summ/Air       85%        N/A       1%          4
n - Haunt                 Necr/Summ      50%        N/A       1%          7
t - Summon Forest         Summ/Tloc      39%        N/A       1%          5
v - Summon Mana Viper     Hex/Summ       78%        N/A       1%          5
Y - Summon Cactus Giant   Summ           52%        N/A       1%          6

Your spell library contained the following spells:

 Spells                   Type           Power      Damage    Failure   Level
 Necrotise                Necr           100%       1d9       0%          1
 Summon Small Mammal      Summ           100%       N/A       0%          1
 Call Imp                 Summ           100%       N/A       0%          2
 Sublimation of Blood     Necr           97%        N/A       0%          2
 Call Canine Familiar     Summ           100%       N/A       0%          3
 Fugue of the Fallen      Necr           97%        N/A       0%          3
 Vampiric Draining        Necr           97%        2d12      0%          3
 Martyr's Knell           Necr/Summ      100%       N/A       0%          4
 Apportation              Tloc           60%        N/A       1%          1
 Foxfire                  Conj/Fire      100%       2x1d9     1%          1
 Kiss of Death            Conj/Necr      100%       2d13      1%          1
 Shock                    Conj/Air       100%       1d9       1%          1
 Slow                     Hex            100%       N/A       1%          1
 Sting                    Conj/Alch      100%       1d9       1%          1
 Cigotuvi's Dreadful Rot  Necr/Alch/Air  100%       N/A       1%          2
 Ensorcelled Hibernation  Hex/Ice        60%        N/A       1%          2
 Jinxbite                 Hex            60%        N/A       1%          2
 Mercury Vapours          Alch/Air       100%       N/A       1%          2
 Momentum Strike          Conj/Tloc      60%        3d9       1%          2
 Scorch                   Fire           100%       2d9       1%          2
 Static Discharge         Conj/Air       90%        3-7/arc   1%          2
 Inner Flame              Hex/Fire       59%        N/A       1%          3
 Summon Ice Beast         Ice/Summ       78%        N/A       1%          3
 Swiftness                Air            57%        N/A       1%          3
 Volatile Blastmotes      Fire/Tloc      100%       2d18      1%          3
 Airstrike                Air            28%        2d(5-21)  1%          4
 Anguish                  Hex/Necr       36%        N/A       1%          4
 Animate Dead             Necr           97%        N/A       1%          4
 Dispel Undead            Necr           97%        3d30      1%          4
 Flame Wave               Conj/Fire      59%        2d14      1%          4
 Ignite Poison            Fire/Alch      64%        N/A       1%          4
 Sticky Flame             Fire/Alch      64%        2d11      1%          4
 Summon Blazeheart Golem  Fire/Summ      93%        N/A       1%          4
 Curse of Agony           Necr           97%        N/A       1%          5
 Death Channel            Necr           48%        N/A       1%          6
 Confusing Touch          Hex            30%        N/A       3%          3
 Frozen Ramparts          Ice            60%        1d10      3%          3
 Gell's Gravitas          Tloc           30%        N/A       3%          3
 Hailstorm                Conj/Ice       30%        3d8       3%          3
 Ozocubu's Armour         Ice            30%        N/A       3%          3
 Passwall                 Erth           30%        N/A       3%          3
 Sigil of Binding         Hex            30%        N/A       3%          3
 Stone Arrow              Conj/Erth      60%        3d10      3%          3
 Teleport Other           Tloc           30%        N/A       3%          3
 Tukima's Dance           Hex            30%        N/A       3%          3
 Olgreb's Toxic Radiance  Alch           45%        N/A       4%          4
 Vhi's Electric Charge    Tloc/Air       90%        N/A       4%          4
 Fireball                 Conj/Fire      29%        3d13      4%          5
 Petrify                  Alch/Erth      38%        N/A       7%          4
 Cause Fear               Hex            15%        N/A       11%         4
 Dimensional Bullseye     Hex/Tloc       15%        N/A       11%         4
 Iskenderun's Mystic Bla  Conj/Tloc      30%        2d8       11%         4
 Plasma Beam              Fire/Air       34%        2x1d47    12%         6
 Alistair's Intoxication  Alch           30%        N/A       13%         5
 Arcjolt                  Conj/Air       22%        1d32      13%         5
 Freezing Cloud           Conj/Ice/Air   20%        6-21      19%         5
 Irradiate                Conj/Alch      19%        3d18      21%         5
 Yara's Violent Unravell  Hex/Alch       19%        3d9       21%         5
 Starburst                Conj/Fire      29%        6d9       26%         6
 Lee's Rapid Deconstruct  Erth           15%        3d10*     30%         5
 Metabolic Englaciation   Hex/Ice        15%        N/A       30%         5
 Eringya's Noxious Bog    Alch           22%        4d6       58%         6
 Sculpt Simulacrum        Ice/Alch       19%        N/A       73%         6
 Dispersal                Tloc           15%        N/A       86%         6
 Monstrous Menagerie      Summ           52%        N/A       1%          7
 Summon Horrible Things   Summ           52%        N/A       4%          8
 Borgnjor's Revivificati  Necr           48%        N/A       16%         8
 Infestation              Necr           48%        N/A       16%         8
 Malign Gateway           Summ/Tloc      39%        N/A       24%         7
 Spellforged Servitor     Conj/Summ      39%        N/A       24%         7
 Ignition                 Fire           39%        3d12      87%         8
 Death's Door             Necr           48%        N/A       93%         9
 Enfeeble                 Hex            15%        N/A       100%        7
 Ozocubu's Refrigeration  Ice            15%        4d10      100%        7
 Lehudib's Crystal Spear  Conj/Erth      15%        10d5      100%        8
 Maxwell's Capacitive Co  Air            28%        ∞         100%        8
 Chain Lightning          Conj/Air       22%        3d30      100%        9
 Fire Storm               Conj/Fire      29%        8d8       100%        9
 Polar Vortex             Ice            15%        12d2*     100%        9
 Shatter                  Erth           15%        3d15*     100%        9
 Animate Armour           Summ/Erth      Unusable   N/A       N/A         4

Inventory:

Missiles
 K - 4 throwing nets {=f}
 L - 17 curare-tipped darts {=f}
Armour
 o - a +4 kite shield of resistance (melded)
 M - the +1 hat of Ehiv (melded) {rPois rN+ Str+5 Dex+3}
   (You acquired it on level 2 of the Snake Pit)

   Str+5:     It affects your strength (+5).
   Dex+3:     It affects your dexterity (+3).
   rPois:     It protects you from poison rN+: It protects you from negative
   energy.
 Z - the orb "Ihemp" {*channel, Slay+5 Conj}
   (You found it on level 1 of the Depths)

   Slay+5:    It affects your accuracy & damage with ranged weapons and melee
   (+5).
   Conj:      It increases the power of your Conjurations spells.
Jewellery
 e - the ring of Raih (left foreclaw) {rPois Int+5}
   (You found it on level 3 of the Vaults)

   [ring of poison resistance]

   Int+5:     It affects your intelligence (+5).
   rPois:     It protects you from poison
 i - the ring of Sagam (on tentacle) {rC+ Dex+3 Stlth+}
   (You found it on level 9 of the Dungeon)

   [ring of protection from cold]

   Dex+3:     It affects your dexterity (+3).
   rC+:       It protects you from cold.
   Stlth+:    It makes you more stealthy.
 t - a +4 ring of protection (on tentacle)
 v - a ring of see invisible (on tentacle)
 E - the amulet of Lina (around neck) {Regen+ Str+3 Int+3}
   (You found it on level 3 of the Vaults)

   [amulet of regeneration]

   Str+3:     It affects your strength (+3).
   Int+3:     It affects your intelligence (+3).
   Regen+:    It increases your rate of health regeneration.
 F - a ring of protection from fire (right foreclaw)
 I - the ring "Umasef" (on tentacle) {Fly rC++ Int+5}
   (You took it off a deep elf high priest on level 3 of the Elven Halls)

   [ring of flight]

   Int+5:     It affects your intelligence (+5).
   rC++:      It greatly protects you from cold.
   Fly:       It grants you flight.
 R - the ring of Untruth {Ice Will++}
   (You bought it in a shop on level 1 of the Vaults)

   [ring of ice]

   Ice:       It enhances your ice magic.
   rF-:       It makes you vulnerable to fire.
   rC+:       It protects you from cold.
   Will++:    It greatly increases your willpower.
 T - a +4 ring of protection (on tentacle)
 W - a ring of willpower (on tentacle)
Talismans
 x - a dragon-blood talisman (active)
 P - a granite talisman
Wands
 r - a wand of polymorph (3)
 w - a wand of quicksilver (16)
 G - a wand of iceblast (45)
 H - a wand of charming (65)
 S - a wand of flame (72)
 U - a wand of digging (10)
 X - a wand of mindburst (8)
Scrolls
 b - 6 scrolls of revelation
 f - 8 scrolls of amnesia
 n - a scroll of blinking
 u - 3 scrolls of enchant weapon
 y - 6 scrolls of vulnerability
 z - 5 scrolls of poison
 A - 12 scrolls of fog
 B - a scroll of butterflies
 C - 8 scrolls of teleportation {@r2}
 D - 3 scrolls of fear
 J - a scroll of brand weapon
 Q - 6 scrolls of immolation
Potions
 a - 4 potions of magic
 c - 7 potions of heal wounds {@q2}
 d - 3 potions of haste {@q3}
 g - 4 potions of attraction
 h - 3 potions of brilliance
 j - 7 potions of ambrosia
 k - 18 potions of curing {@q1}
 l - 4 potions of berserk rage {!q}
 p - 12 potions of might
 q - 2 potions of resistance
 s - 8 potions of lignification
 N - 4 potions of cancellation
 O - 6 potions of enlightenment
 V - 4 potions of invisibility
 Y - 3 potions of mutation
Miscellaneous
 m - a condenser vane

Dungeon Overview and Level Annotations

Branches:
Dungeon (15/15)            Temple (1/1) D:7            Lair (5/5) D:8
  Swamp (4/4) Lair:2        Snake (4/4) Lair:2        Slime (0/5) Lair:4
    Orc (2/2) D:12            Elf (3/3) Orc:2        Vaults (4/5) D:13
  Crypt (0/3) Vaults:2     Depths (3/4) D:15        Ossuary (visited)

Altars:
Ashenzari
Cheibriados
Dithmenos
Elyvilon
Fedhas
Gozag
Hepliaklqana
Kikubaaqudgha
Makhleb
Nemelex Xobeh
Okawaru
Qazlal
Ru
Sif Muna
Trog
Uskayaw
Vehumet
Wu Jian
Xom
Yredelemnul
Zin
The Shining One

Shops:
D:7 (   D:11 !(   D:13 !   Orc:1 [   Orc:2 *[[?=   Snake:1 *?:[   Vaults:1 =
Depths:1 (*   Depths:2 [[[

Portals:
Hell: Depths:1 Depths:2 Depths:3
Abyss: Depths:1 Depths:2
Pandemonium: Depths:2
Ziggurat: Depths:1

Annotations:
D:3 2 transporters, Xavori's ghost, amateur DjCK
D:5 1 runed translucent door, Crazy Yiuf
D:11 1 runed translucent door
D:12 3 runed translucent doors, Zoukiwysk's ghost, journeyman MiFi
Swamp:4 1 exclusion
Elf:2 3 runed translucent doors
Depths:2 exclusion: 3 doors

##### #...# #...# #...# #...#
#########################...##
#.....^...)...................
#.............C.WW............
#.....<......D.W1W............
###################░░░###...##
#...░░░#...#
##################.░░..░░░..#
#...................░░░..░░░░░
#.....................░░░..░..
#.......................░░.'..
######################░░░..░..
░░░..░░░░░


You could see a Tzitzimitl (slow, ally target), a friendly phantasmal warrior
(summoned), a friendly cactus giant (summoned), 2 friendly freezing wraiths and
a friendly wraith (summoned).


Message History

The Tzitzimitl resists.
Your freezing wraith barely misses the Tzitzimitl.
Your phantasmal warrior hits the Tzitzimitl!!
Unknown command.
The Tzitzimitl gestures at you.
The bolt of negative energy hits your freezing wraith.
The bolt of negative energy hits you!!!
You feel drained.
* * * LOW HITPOINT WARNING * * *
Your freezing wraith hits the Tzitzimitl.
Your freezing wraith freezes the Tzitzimitl.
The Tzitzimitl resists.
Your freezing wraith misses the Tzitzimitl.
Your phantasmal warrior hits the Tzitzimitl!!
Your wraith closely misses the Tzitzimitl.
The Tzitzimitl calls on the powers of darkness!
Your body is wracked with pain!
* * * LOW HITPOINT WARNING * * *
Your freezing wraith hits the Tzitzimitl but does no damage.
Your freezing wraith hits the Tzitzimitl.
Your freezing wraith drains the Tzitzimitl's vigour!
The Tzitzimitl seems to slow down.
Your freezing wraith closely misses the Tzitzimitl.
Your freezing wraith barely misses the Tzitzimitl.
Your phantasmal warrior hits the Tzitzimitl.
Your wraith hits the Tzitzimitl but does no damage.
Unknown command.
The Tzitzimitl gestures at you.
The bolt of negative energy hits your freezing wraith.
The bolt of negative energy hits you!!!
You feel drained.
You die...

Skill      XL: |  1  2  3  4  5  6  7  8  9 10 11 12 13 14 15 16 17 18 19 20 21 22 23 |
---------------+----------------------------------------------------------------------+-----
Summonings     | 5 6 8 9 10 12 14 15 16 17 | 17.6
Spellcasting   | 3 4 5 6 8 9 10 12 14 16 | 16.0
Fighting       | 2 4 6 7 10 11 12 | 12.3
Stealth        | 4 6 |  6.0
Alchemy        | 1 2 |  2.0
Fire Magic     | 1 5 8 9 |  9.0
Air Magic      | 4 |  4.0
Dodging        | 4 5 6 7 |  7.0
Invocations    | 5 7 10 | 10.0
Shapeshifting  | 6 11 15 16 | 16.0
Unarmed Combat | 5 9 14 16 17 | 17.0
Shields        | 8 9 10 | 10.0
Necromancy     | 4 12 13 15 | 15.0
Evocations     | 5 |  5.0

Action                     |  1- 3 |  4- 6 |  7- 9 | 10-12 | 13-15 | 16-18 | 19-21 | 22-24 || total
---------------------------+-------+-------+-------+-------+-------+-------+-------+-------++-------
  Melee: Unarmed           |     6 |       |       |       |    12 |   340 |   525 |   412 ||  1295
         Dagger            |    12 |     1 |       |       |       |       |       |       ||    13
         Constrict         |     6 |     3 |    10 |     6 |    46 |    41 |    79 |    21 ||   212
         Tentacles         |     4 |     1 |    13 |    12 |    83 |   107 |   158 |    37 ||   415
         Rapier            |       |     9 |     2 |       |       |       |       |       ||    11
         Whip              |       |       |    23 |       |       |       |       |       ||    23
         Long sword        |       |       |     8 |    31 |     1 |       |       |       ||    40
         Falchion          |       |       |       |       |   222 |       |       |       ||   222
         Punch             |       |       |       |       |     3 |    25 |    70 |    55 ||   153
         Tailslap          |       |       |       |       |       |     2 |    20 |    56 ||    78
         Bite              |       |       |       |       |       |     2 |     8 |    51 ||    61
  Throw: Dart              |       |       |       |       |       |       |     1 |       ||     1
   Cast: Summon Small Mamm |    51 |    38 |    88 |    16 |     2 |       |       |       ||   195
         Call Imp          |    14 |    14 |    35 |     6 |     3 |       |       |       ||    72
         Call Canine Famil |       |     6 |    20 |     9 |    16 |       |       |       ||    51
         Summon Blazeheart |       |       |    26 |    91 |    25 |     1 |       |       ||   143
         Summon Lightning  |       |       |     1 |     5 |    31 |     4 |       |     2 ||    43
         Summon Cactus Gia |       |       |       |    22 |   161 |   158 |   146 |    65 ||   552
         Summon Hydra      |       |       |       |       |    13 |   136 |   130 |    49 ||   328
         Summon Mana Viper |       |       |       |       |       |    19 |     3 |     1 ||    23
         Summon Forest     |       |       |       |       |       |    11 |    24 |     6 ||    41
         Haunt             |       |       |       |       |       |       |    21 |   113 ||   134
         Borgnjor's Vile C |       |       |       |       |       |       |     2 |     3 ||     5
 Invoke: Renounce Religion |       |       |     1 |       |       |       |       |       ||     1
         Channel Magic     |       |       |       |       |       |     6 |     6 |     6 ||    18
Ability: Breathe Fire      |       |       |       |       |       |     1 |    24 |    25 ||    50
  Evoke: Wand              |       |       |       |     3 |     2 |     3 |     4 |     1 ||    13
         Condenser vane    |       |       |       |       |       |       |       |     1 ||     1
    Use: Scroll            |       |     7 |    10 |     8 |    11 |     6 |    13 |     9 ||    64
         Potion            |       |       |     1 |     3 |     5 |     2 |     4 |     5 ||    20
   Stab: Distracted        |       |       |       |       |     1 |     7 |    10 |     5 ||    23
         Sleeping          |       |       |       |       |       |       |     3 |     4 ||     7
 Armour: Skin              |     7 |    11 |    27 |    76 |   719 |   681 |   630 |   403 ||  2554
  Dodge: Dodged            |     9 |    12 |    36 |    73 |   485 |   513 |   285 |   177 ||  1590
  Block: Kite shield       |       |       |       |       |       |    73 |   472 |    60 ||   605
   Form: Statue            |       |       |       |       |     1 |     1 |     4 |     2 ||     8
         Dragon            |       |       |       |       |       |     2 |     3 |     3 ||     8
                           |       |       |       |       |       |       |       |     1 ||     1

Levels and vault maps discovered:
D:1:      scummos_arrival_star, layout_basic
D:2:      layout_basic, minmay_tetromino_t4, uniq_robin
D:3:      layout_basic, gammafunk_ghost_mausoleum, uniq_sigmund, uniq_jessica
D:4:      layout_basic, nicolae_overflow_crystal_walls, serial_demonic,
          serial_demonic_c, serial_demonic_f, serial_demonic_a,
          serial_demonic_e, serial_demonic_c, serial_demonic_d
D:5:      layout_loops_ring, nicolae_ossuary_entry_false_entrances,
          uniq_crazy_yiuf_cottage
D:6:      layout_basic, jmf_multi_god_temple
D:7:      layout_basic, gammafunk_temple_overflow_pools,
          minmay_temple_entry_offerings, serial_shops, shop, uniq_joseph
D:8:      layout_loops_corners, lemuel_round_altar, overflow_temple_1_default,
          lair_entry_dummy, hangedman_ranch
D:9:      gammafunk_sealed_arena, layout_basic, mainiacjoe_overflow_catwalk,
          mainiacjoe_overflow_24_doors, hangedman_misty_isle
D:10:     layout_loops_ring, serial_ice, serial_ice_o, serial_ice_k,
          serial_ice_b, serial_ice_h, minmay_misc_feat_rows,
          eino_house_with_fridge
D:11:     layout_layer_cave, serial_shops, kennysheep_little_box, shop,
          minmay_st_funbox, lemuel_nasty_fountain
D:12:     layout_basic, david_orc_1_choice, gammafunk_ghost_split,
          uniq_josephine, uniq_fannar
D:13:     layout_irregular_city, grunt_vaults_entry_tiered, serial_shops, shop
D:14:     hellmonk_crumbling_castle, layout_loops_cross, amethyst_killhole
D:15:     hangedman_depths_entry_try_elsewhere_first, layout_irregular_city,
          okawaru_ov_weapons_minmay, lemuel_freeze_loot_1
Temple:   compressed_dpeg_triangle_lava_temple
Lair:1:   layout_chaotic_city
Lair:2:   layout_layer_cave, swamp_mist, guppyfry_snake_entry_island
Lair:3:   layout_small_grid, nicolae_quartered_pool_little,
          chequers_serial_rivers_small_a, uniq_sonja
Lair:4:   layout_cave_pods, slime_entry_1, evilmike_ambush
          [evilmike_ambush_outer_basic, evilmike_ambush_inner_cross],
          grunt_megastairs_5
Lair:5:   wormcave, layout_loops_ring, guppyfry_lair_end_dragon,
          grunt_forest_large_clearing_hut
Swamp:1:  layout_basic_swamp, nicolae_swamp_small_spring,
          nicolae_swamp_tree_isthmus, infiniplex_staircase_pool
Swamp:2:  layout_basic_swamp, hangedman_swamp_blocks, swamp_pool_4,
          infiniplex_staircase_pool_2
Swamp:3:  cheibrodos_swamp_tower_of_moss, layout_basic_swamp,
          evilmike_swamp_ruin_house_5, swamp_pool_1_2, uniq_bai_suzhen,
          uniq_jorgrun, uniq_donald, uniq_nikola
Swamp:4:  nzn_swamp_witches_coven, layout_basic_swamp, swamp_pool_1_2,
          grunt_ruined_hall
Snake:1:  layout_rooms, grunt_megastairs_2, minmay_shoptagon, uniq_aizul
Snake:2:  layout_rooms, basic_altar
Snake:3:  layout_onion
Snake:4:  minmay_snake_end_coiled, layout_onion_interference,
          grunt_megastairs_1, serial_bayou_shore_b
Orc:1:    layout_diamond_mine, serial_shops, nicolae_shop_statue_plus
Orc:2:    st_orc_rangers, layout_diamond_mine, serial_shops, shop,
          minmay_orc_temple_a
Elf:1:    layout_geoelf_diagonals, minmay_elf_necromancy,
          nicolae_twisting_strands, uniq_asterion
Elf:2:    nicolae_elf_blades_splatter_lattice
          [nicolae_blade_entry_floor_patterns], layout_gridlike,
          serial_co_window_serial, co_window_paths_a, co_window_corner_a,
          co_window_paths_b, co_window_paths_a, co_window_corner_a,
          co_window_corner_b, co_window_cross_2, co_window_of_opportunity_b,
          co_window_paths_e, uniq_agnes
Elf:3:    minmay_elf_hall_x, layout_onion_city, uniq_norris
Vaults:1: v_alt_pattern_6, nicolae_vaults_network_barrier,
          nicolae_vaults_little_ls, nicolae_vaults_spaceships,
          nicolae_vaults_corridor_and_loot_room,
          nicolae_vaults_diagonal_hallway_7, vaults_room_fancy_cross,
          layout_vaults_big_room, serial_shops, shop
Vaults:2: minmay_crypt_entry_necro_gods, vaults_room_stairs_pillars,
          dpeg_vaults_hating_casters, grunt_vaults_trifunnel, minmay_orc_keep,
          vaults_dpeg_ring, nicolae_vaults_closet_pinwheel_3, v_alt_pattern_2,
          layout_vaults_omnigrid
Vaults:3: nicolae_vaults_diamond_2, ontoclasm_vaults_chip,
          nicolae_vaults_puzzle_piece, nicolae_vaults_cornered_office,
          v_misc_10, vaults_dpeg_doors, grunt_vaults_twisty,
          nicolae_vaults_storing_the_good_stuff,
          nicolae_vaults_diagonal_hallway_7, nicolae_vaults_storage_room_doors,
          vaults_room_stairs_pillars, ontoclasm_vaults_decontamination,
          v_misc_27, nicolae_vaults_octothorpe, layout_vaults_omnibox
Vaults:4: hangedman_vaults_nodes, nicolae_vaults_little_squares_3,
          grunt_vaults_focal, vaults_room_grid,
          nicolae_vaults_shrinking_rooms_1, nicolae_vaults_trapezoid_3,
          hangedman_vaults_corner_blocks, nicolae_vaults_hexular_roomagon,
          nicolae_vaults_closet_pinwheel_6, nicolae_vaults_wine_cellar,
          layout_vaults_ring
Depths:1: layout_small_grid, enter_ziggurat_c, abyss_entry_crystal,
          grunt_mini_vestibule, serial_shops, shop, nicolae_shop_fire_sale
          [nicolae_sub_dead_trees], roadster_trireme
Depths:2: kennysheep_gozag_temple, layout_long_grid, grunt_decor_clamped,
          hangedman_geh_valley, rand_demon_pan_entry_9, abyss_entry,
          minmay_staircase_windowed_large
Depths:3: minmay_shoctagon, layout_cave_pools,
          gammafunk_ghost_wrathful_warriors, abyss_entry, hell_entry, pan_entry,
          minmay_crystal_water, nicolae_hepliaklqana_monster_ancestors,
          serial_bayou_shore_b, kennysheep_random_hallway,
          minmay_staircase_windowed_small, serial_bayou_shore_b, uniq_grunn

Notes
Turn   | Place    | Note
-------+----------+-------------------------------------------
     0 | D:1      | Drazool the Octopode Summoner began the quest for the Orb.
     0 | D:1      | Reached XP level 1. HP: 11/11 MP: 3/3
   109 | D:1      | Reached XP level 2. HP: 17/17 MP: 3/5
   187 | D:1      | Learned a level 2 spell: Call Imp
   565 | D:1      | Reached XP level 3. HP: 21/21 MP: 1/6
   783 | D:1      | Reached skill level 5 in Summonings
   787 | D:1      | Learned a level 3 spell: Call Canine Familiar
  1081 | D:2      | Identified the +0 robe of Distant Shores {^Drain Regen+
                  | rCorr Int+8}
  1326 | D:2      | Noticed Robin
  1389 | D:2      | Killed Robin
  1390 | D:2      | Reached XP level 4. HP: 27/27 MP: 0/8
  1408 | D:2      | Reached skill level 3 in Spellcasting
  1767 | D:2      | Reached skill level 1 in Fighting
  1880 | D:3      | Noticed Jessica
  1893 | D:3      | Killed Jessica
  1894 | D:3      | Reached skill level 2 in Fighting
  2128 | D:3      | Noticed Sigmund
  2148 | D:3      | Killed Sigmund
  2149 | D:3      | Reached skill level 4 in Stealth
  2149 | D:3      | Reached skill level 6 in Summonings
  2149 | D:3      | Reached XP level 5. HP: 34/34 MP: 0/9
  2149 | D:3      | Reached XP level 6. HP: 39/39 MP: 0/10
  2560 | D:3      | Found a transporter.
  2560 | D:3      | Noticed Xavori's ghost (amateur DjCK)
  2735 | D:3      | Found a transporter.
  3373 | D:4      | Reached skill level 4 in Spellcasting
  3373 | D:4      | Reached skill level 1 in Alchemy
  3378 | D:4      | Learned a level 4 spell: Summon Blazeheart Golem
  3470 | D:4      | Reached skill level 1 in Fire Magic
  3522 | D:4      | Reached XP level 7. HP: 45/45 MP: 9/13
  3535 | D:4      | Reached skill level 2 in Fire Magic
  3615 | D:4      | Reached skill level 3 in Fire Magic
  4228 | D:4      | Found a glowing golden altar of the Shining One.
  4267 | D:4      | Became a worshipper of the Shining One
  4311 | D:4      | Identified the +0 kite shield "Muotulin" {rPois rF- SInv}
  4342 | D:4      | Reached skill level 4 in Fire Magic
  4374 | D:4      | Fell from the grace of the Shining One
  4508 | D:4      | Reached skill level 2 in Alchemy
  4828 | D:5      | Entered Level 5 of the Dungeon
  4995 | D:5      | Found a sand-covered staircase.
  5013 | Ossuary  | Entered an ossuary
  5245 | Ossuary  | Reached skill level 5 in Fire Magic
  5245 | Ossuary  | Reached XP level 8. HP: 50/50 MP: 10/14
  5738 | D:5      | Reached skill level 6 in Fire Magic
  6487 | D:5      | Found a runed translucent door.
  6488 | D:5      | Noticed Crazy Yiuf
  7008 | D:6      | Found a white marble altar of Elyvilon.
  7008 | D:6      | Found a shimmering altar of Xom.
  7053 | D:6      | Learned a level 4 spell: Summon Lightning Spire
  7077 | D:6      | Reached skill level 7 in Fire Magic
  7252 | D:6      | Reached skill level 8 in Fire Magic
  7708 | D:6      | Reached XP level 9. HP: 54/54 MP: 10/15
  8029 | D:7      | Noticed Joseph
  8034 | D:6      | Reached skill level 1 in Air Magic
  8112 | D:7      | Got the Encyclopedia of the Inflammable Fault
  8120 | D:7      | Found Jaommaar's Antique Weapon Emporium.
  8196 | D:7      | Reached skill level 2 in Air Magic
  8271 | D:7      | Reached skill level 3 in Air Magic
  8468 | D:7      | Noticed a two-headed ogre
  8477 | D:7      | Found a staircase to the Ecumenical Temple.
  8479 | D:7      | Killed a two-headed ogre
  8480 | D:7      | Reached skill level 4 in Air Magic
  8480 | D:7      | Reached skill level 4 in Dodging
  8480 | D:7      | Reached skill level 3 in Fighting
  8515 | Temple   | Entered the Ecumenical Temple
  8583 | D:7      | Reached skill level 4 in Fighting
  8909 | D:7      | Killed Joseph
  8910 | D:7      | Reached skill level 5 in Spellcasting
  8910 | D:7      | Reached skill level 9 in Fire Magic
  8972 | D:7      | Found a shadowy altar of Dithmenos.
  8973 | D:7      | Found a shimmering blue altar of Sif Muna.
  8980 | D:7      | Became a worshipper of Sif Muna the Loreminder
  9186 | D:8      | Found a staircase to the Lair.
  9274 | D:8      | Reached XP level 10. HP: 63/63 MP: 12/17
  9548 | D:8      | Found an ornate altar of the Wu Jian Council.
  9611 | D:8      | Noticed a three-headed hydra
  9615 | D:8      | Killed a three-headed hydra
  9616 | D:8      | Reached skill level 7 in Summonings
  9616 | D:8      | Reached skill level 6 in Spellcasting
  9814 | D:8      | Reached skill level 8 in Summonings
  9821 | D:8      | Learned a level 6 spell: Summon Cactus Giant
  9861 | D:8      | Found a glowing silver altar of Zin.
 10621 | D:9      | Found a hide-covered altar of Uskayaw.
 10752 | D:9      | Found a sparkling altar of Nemelex Xobeh.
 10779 | D:9      | Reached skill level 5 in Fighting
 10800 | D:9      | Identified the +8 war axe of the First Loafs {freeze, rPois
                  | Will+}
 10811 | D:9      | Found a transporter.
 10811 | D:9      | Noticed a centaur warrior
 10814 | D:9      | Noticed a deep elf pyromancer
 10815 | D:9      | Noticed a centaur warrior
 10817 | D:9      | Noticed a flayed ghost
 10822 | D:9      | Found a transporter.
 10823 | D:9      | Found the +3 giant club "Skullcrusher" {speed, Str+7}
 10995 | D:9      | Reached * piety under Sif Muna
 11060 | D:9      | Reached skill level 6 in Fighting
 11112 | D:9      | Reached skill level 2 in Invocations
 11205 | D:9      | Reached skill level 3 in Invocations
 11223 | D:9      | Reached skill level 4 in Invocations
 11264 | D:9      | Reached skill level 5 in Invocations
 11374 | D:9      | Reached XP level 11. HP: 72/72 MP: 13/20
 11378 | D:9      | Reached skill level 6 in Invocations
 11606 | D:9      | Reached skill level 7 in Invocations
 11886 | D:10     | Entered Level 10 of the Dungeon
 12187 | D:10     | Reached skill level 5 in Stealth
 12263 | D:10     | Reached skill level 6 in Stealth
 12330 | D:10     | Reached ** piety under Sif Muna
 12543 | D:10     | Noticed a two-headed ogre
 12555 | D:10     | Killed a two-headed ogre
 12556 | D:10     | Reached skill level 7 in Spellcasting
 13148 | D:10     | Noticed a necromancer
 13172 | D:10     | Killed a necromancer
 13173 | D:10     | Reached skill level 9 in Summonings
 13205 | D:10     | HP: 6/72 [polar bear simulacrum (20)]
 13470 | Lair:1   | Entered Level 1 of the Lair of Beasts
 13551 | Lair:1   | Reached skill level 5 in Dodging
 13623 | Lair:1   | Reached *** piety under Sif Muna
 14113 | Lair:1   | Reached skill level 8 in Spellcasting
 14337 | Lair:1   | Reached XP level 12. HP: 79/79 MP: 20/24
 14423 | Lair:1   | Reached skill level 10 in Summonings
 14742 | Lair:2   | Found a staircase to the Snake Pit.
 14789 | Lair:2   | Reached skill level 9 in Spellcasting
 14997 | Lair:2   | Found a staircase to the Swamp.
 15484 | Lair:2   | Reached skill level 6 in Dodging
 15499 | Lair:2   | Reached skill level 7 in Fighting
 15547 | Lair:2   | Reached skill level 1 in Shapeshifting
 15698 | Lair:2   | Reached skill level 2 in Shapeshifting
 15702 | Lair:2   | Reached **** piety under Sif Muna
 15703 | Lair:2   | Reached skill level 3 in Shapeshifting
 15827 | Lair:2   | Reached skill level 4 in Shapeshifting
 16001 | Lair:3   | Noticed Sonja
 16004 | Lair:3   | Killed Sonja
 16015 | Lair:3   | Reached skill level 5 in Shapeshifting
 16207 | Lair:3   | Reached skill level 6 in Shapeshifting
 16262 | Lair:3   | Noticed a death yak
 16262 | Lair:3   | Noticed a death yak
 16262 | Lair:3   | Noticed a death yak
 16262 | Lair:3   | Noticed a death yak
 16305 | Lair:3   | Reached XP level 13. HP: 76/86 MP: 4/26
 16396 | Lair:3   | Reached skill level 7 in Shapeshifting
 16554 | Lair:3   | Reached skill level 8 in Shapeshifting
 17193 | Lair:4   | Reached skill level 9 in Shapeshifting
 17428 | Lair:4   | Reached ***** piety under Sif Muna
 17436 | Lair:4   | Reached skill level 10 in Shapeshifting
 17886 | Lair:4   | Reached skill level 11 in Shapeshifting
 17887 | Lair:4   | Received a gift from Sif Muna
 18144 | Lair:4   | Reached XP level 14. HP: 91/92 MP: 3/27
 18366 | Lair:4   | Reached skill level 12 in Shapeshifting
 18966 | Lair:4   | Found a staircase to the Slime Pits.
 19177 | Lair:4   | Reached skill level 13 in Shapeshifting
 19314 | Lair:5   | Entered Level 5 of the Lair of Beasts
 19502 | Lair:5   | HP: 7/92 [black mamba (16)]
 19761 | Lair:5   | Received a gift from Sif Muna
 19762 | Lair:5   | Got Sif Muna's Compilation of Gusty Bad Luck {god gift}
 19970 | Lair:5   | Reached skill level 14 in Shapeshifting
 20804 | Lair:5   | Reached skill level 15 in Shapeshifting
 20967 | Lair:5   | Reached XP level 15. HP: 97/97 MP: 10/28
 22115 | D:11     | Found Heuv's Weapon Shoppe.
 22188 | D:11     | Found Goxteaq's Distillery.
 22194 | D:11     | Bought a potion of invisibility for 112 gold pieces
 22300 | D:11     | Found a runed translucent door.
 22686 | D:12     | Found a staircase to the Orcish Mines.
 22731 | D:12     | Reached skill level 16 in Shapeshifting
 22789 | D:12     | Identified a potion of resistance
 22827 | D:12     | Noticed Josephine
 22831 | D:12     | Killed Josephine
 23179 | D:12     | Found a runed translucent gate.
 23179 | D:12     | Found a runed translucent gate.
 23180 | D:12     | Found a runed translucent gate.
 23182 | D:12     | Noticed Zoukiwysk's ghost (journeyman MiFi)
 23182 | D:12     | Noticed a fire giant
 23494 | D:12     | Noticed Fannar
 23502 | D:12     | Killed Fannar
 24015 | Orc:1    | Entered Level 1 of the Orcish Mines
 24244 | Orc:1    | Reached skill level 11 in Summonings
 24330 | Orc:1    | Found Yseygh's Armour Shop.
 24624 | Orc:1    | Received a gift from Sif Muna
 24625 | Orc:1    | Got Sif Muna's Meditations on the Gang {god gift}
 24848 | Orc:2    | Entered Level 2 of the Orcish Mines
 24874 | Orc:2    | Found a staircase to the Elven Halls.
 25151 | Orc:2    | Found Vosin's Assorted Antiques.
 25158 | Orc:2    | Bought a scroll labelled KAT VYRRAMEE for 30 gold pieces
 25158 | Orc:2    | Bought a warped falchion for 240 gold pieces
 25158 | Orc:2    | Identified the +0 falchion of Eqemuzxe {flame, rF+ Str+2}
                  | (You bought it in a shop on level 2 of the Orcish Mines)
 25932 | D:9      | Identified the ring of Sagam {rC+ Dex+3 Stlth+}
 25938 | D:9      | Reached skill level 12 in Summonings
 26077 | D:9      | Identified the +7 hand axe of the Empty Page {spect, rC+
                  | Will+}
 26556 | Orc:2    | Learned a level 7 spell: Summon Hydra
 26640 | Orc:2    | Found Isaukhae's Antique Armour Shoppe.
 26640 | Orc:2    | Found Fyuwi's Magic Scroll Boutique.
 26640 | Orc:2    | Found Lonlu's Jewellery Shop.
 26644 | Orc:2    | Found Kabies's Armour Emporium.
 26649 | Orc:2    | Bought a scroll of blinking for 105 gold pieces
 26651 | Orc:2    | Bought a +4 ring of protection for 576 gold pieces
 26651 | Orc:2    | Bought a +4 ring of protection for 576 gold pieces
 26651 | Orc:2    | Bought a ring of willpower for 400 gold pieces
 27019 | D:13     | Reached skill level 10 in Spellcasting
 27021 | D:13     | Reached skill level 1 in Unarmed Combat
 27098 | D:13     | Reached skill level 2 in Unarmed Combat
 27101 | D:13     | Reached skill level 3 in Unarmed Combat
 27161 | D:13     | Found a gate to the Vaults.
 27170 | D:13     | Reached skill level 4 in Unarmed Combat
 27299 | D:13     | Received a gift from Sif Muna
 27300 | D:13     | Got Sif Muna's Almanac of Scorched Cadavers {god gift}
 27541 | D:13     | Reached skill level 5 in Unarmed Combat
 27680 | D:13     | Identified the +6 trident of Ekagojak {flame, rElec}
 27698 | D:13     | Learned a level 5 spell: Summon Mana Viper
 27758 | D:13     | Found Kiohorut's Distillery.
 27761 | D:13     | Bought 2 potions of invisibility for 272 gold pieces
 27761 | D:13     | Bought a potion of heal wounds for 85 gold pieces
 27761 | D:13     | Bought 2 potions of heal wounds for 170 gold pieces
 27761 | D:13     | Bought a potion of heal wounds for 85 gold pieces
 28071 | D:14     | Reached XP level 16. HP: 103/103 MP: 10/30
 28167 | D:14     | Reached skill level 6 in Unarmed Combat
 28620 | D:14     | Reached skill level 7 in Unarmed Combat
 29181 | D:15     | Entered Level 15 of the Dungeon
 29357 | D:15     | Reached skill level 8 in Unarmed Combat
 29705 | D:15     | Found an iron altar of Okawaru.
 30054 | D:15     | Found a staircase to the Depths.
 30428 | Snake:1  | Entered Level 1 of the Snake Pit
 30630 | Snake:1  | Received a gift from Sif Muna
 30631 | Snake:1  | Got Hopomn's Compilation of the Commander and the Missiles
                  | {god gift}
 30782 | Snake:1  | Noticed a nagaraja
 30797 | Snake:1  | Killed a nagaraja
 30798 | Snake:1  | Reached skill level 13 in Summonings
 31000 | Snake:1  | Identified the serpent talisman of Gugehuib {Fly Will+
                  | SInv}
 31000 | Snake:1  | Noticed Aizul
 31019 | Snake:1  | Killed Aizul
 31084 | Snake:1  | Found Tore's Book Shop.
 31084 | Snake:1  | Found Exafeema's Magic Scroll Boutique.
 31085 | Snake:1  | Found Kirr's Armour Shop.
 31089 | Snake:1  | Found Hica's General Store.
 31529 | Snake:2  | Reached skill level 9 in Unarmed Combat
 31529 | Snake:2  | Reached skill level 14 in Summonings
 31808 | Snake:2  | Reached XP level 17. HP: 108/108 MP: 8/31
 31818 | Snake:2  | Reached skill level 10 in Unarmed Combat
 32228 | Snake:2  | Identified a scroll of acquirement
 32229 | Snake:2  | Acquired the +1 hat of Ehiv {rPois rN+ Str+5 Dex+3}
 32295 | Snake:2  | Found an ancient bone altar of Kikubaaqudgha.
 32537 | Snake:3  | Reached skill level 11 in Unarmed Combat
 32983 | Snake:3  | Received a gift from Sif Muna
 33138 | Snake:3  | Learned a level 5 spell: Summon Forest
 33159 | Snake:4  | Entered Level 4 of the Snake Pit
 33178 | Snake:4  | Reached skill level 12 in Unarmed Combat
 33558 | Snake:4  | Reached skill level 13 in Unarmed Combat
 33849 | Snake:4  | Identified a +0 kite shield of resistance
 34151 | Snake:4  | Received a gift from Sif Muna
 34152 | Snake:4  | Reached skill level 14 in Unarmed Combat
 34806 | Snake:4  | Reached XP level 18. HP: 114/114 MP: 20/32
 34857 | Snake:4  | Reached skill level 15 in Unarmed Combat
 35756 | Snake:4  | Got a serpentine rune of Zot
 35889 | Swamp:1  | Entered Level 1 of the Swamp
 35895 | Swamp:1  | Reached skill level 16 in Unarmed Combat
 35901 | Swamp:1  | Reached skill level 1 in Shields
 35905 | Swamp:1  | Reached skill level 2 in Shields
 35919 | Swamp:1  | Received a gift from Sif Muna
 35920 | Swamp:1  | Got Asmodeus's Information on Wildfire and Assembling {god
                  | gift}
 36030 | Swamp:1  | Reached skill level 3 in Shields
 36491 | Swamp:1  | Reached skill level 4 in Shields
 36811 | Swamp:2  | Reached skill level 5 in Shields
 37040 | Swamp:2  | Reached skill level 6 in Shields
 37233 | Swamp:2  | Reached skill level 7 in Shields
 37631 | Swamp:3  | Noticed Nikola
 37637 | Swamp:3  | Reached skill level 8 in Shields
 37638 | Swamp:3  | Noticed Bai Suzhen
 37644 | Swamp:3  | Noticed Jorgrun
 38202 | Swamp:2  | Killed Bai Suzhen
 38447 | Swamp:3  | Killed Nikola
 38560 | Swamp:3  | Noticed Donald
 38568 | Swamp:3  | Killed Jorgrun
 38572 | Swamp:3  | Killed Donald
 38642 | Swamp:3  | Reached skill level 15 in Summonings
 38642 | Swamp:3  | Reached XP level 19. HP: 118/118 MP: 12/33
 39313 | Swamp:4  | Entered Level 4 of the Swamp
 39651 | Swamp:4  | Reached skill level 8 in Fighting
 39727 | Swamp:4  | Reached skill level 9 in Fighting
 39869 | Swamp:4  | Found an ancient bone altar of Kikubaaqudgha.
 40208 | Swamp:4  | Reached skill level 10 in Fighting
 40349 | Swamp:4  | Received a gift from Sif Muna
 40633 | Swamp:4  | Got a decaying rune of Zot
 40659 | Swamp:4  | Reached skill level 8 in Invocations
 41164 | Swamp:4  | Reached skill level 9 in Invocations
 41853 | Elf:1    | Entered Level 1 of the Elven Halls
 42234 | Elf:1    | Reached skill level 10 in Invocations
 42330 | Elf:1    | Got Oliojie's Anthology of Open Graves
 42387 | Elf:1    | Paralysed by an air elemental for 1 turns
 42425 | Elf:1    | Reached skill level 11 in Spellcasting
 42596 | Elf:1    | Identified the +5 kite shield "Dimaptat" {Fly}
 42596 | Elf:1    | Noticed Asterion
 42639 | Elf:1    | Killed Asterion
 43072 | Elf:1    | You are sucked into a shaft and drop 1 floor!
 43108 | Elf:2    | Noticed Agnes
 43113 | Elf:2    | Killed Agnes
 43479 | Elf:2    | Reached skill level 12 in Spellcasting
 43480 | Elf:2    | Reached skill level 1 in Necromancy
 43488 | Elf:2    | Received a gift from Sif Muna
 43489 | Elf:2    | Got Sif Muna's Spellbook of Frostbitten Bolts {god gift}
 43499 | Elf:2    | Learned a level 5 spell: Borgnjor's Vile Clutch
 43652 | Elf:2    | Reached skill level 2 in Necromancy
 43808 | Elf:2    | Found a runed translucent gate.
 43808 | Elf:2    | Found a runed translucent gate.
 43808 | Elf:2    | Found a runed translucent gate.
 43848 | Elf:2    | Reached skill level 3 in Necromancy
 44346 | Elf:1    | Paralysed by an air elemental for 1 turns
 44694 | Vaults:1 | Entered Level 1 of the Vaults
 44706 | Vaults:1 | Reached skill level 4 in Necromancy
 44818 | Vaults:1 | Reached XP level 20. HP: 74/132 MP: 20/36
 44823 | Vaults:1 | HP: 9/198 [ironbound frostheart (18)]
 45037 | Vaults:1 | Reached skill level 5 in Necromancy
 45099 | Vaults:1 | Found Cautenkiq's Jewellery Emporium.
 45258 | Vaults:1 | Reached skill level 6 in Necromancy
 45499 | Vaults:1 | Bought the ring of Untruth {Ice Will++} for 552 gold pieces
 45787 | Vaults:1 | Reached skill level 7 in Necromancy
 46261 | Vaults:1 | Reached skill level 8 in Necromancy
 46676 | Vaults:2 | Identified the +2 whip of Glory {vamp, Fly}
 46825 | Vaults:2 | Reached skill level 9 in Necromancy
 46852 | Vaults:2 | Received a gift from Sif Muna
 46853 | Vaults:2 | Got Ywaew's Incunable of the Flamy Snake {god gift}
 46966 | Vaults:2 | Reached skill level 10 in Necromancy
 47345 | Vaults:2 | Reached skill level 11 in Necromancy
 47693 | Vaults:2 | Found a staircase to the Crypt.
 47693 | Vaults:2 | Found an ancient bone altar of Kikubaaqudgha.
 47693 | Vaults:2 | Found a basalt altar of Yredelemnul.
 47815 | Vaults:2 | Reached skill level 12 in Necromancy
 47964 | Vaults:2 | Learned a level 7 spell: Haunt
 48301 | Vaults:2 | Reached skill level 9 in Shields
 48543 | Vaults:2 | Reached XP level 21. HP: 137/137 MP: 9/37
 49023 | Vaults:3 | Received a gift from Sif Muna
 49031 | Vaults:2 | Reached skill level 10 in Shields
 49943 | Vaults:3 | Reached skill level 13 in Spellcasting
 50288 | Vaults:3 | Reached skill level 14 in Spellcasting
 50302 | Vaults:3 | Received a gift from Sif Muna
 50303 | Vaults:3 | Got Sif Muna's Vellum of the Flammable Autopsy {god gift}
 50421 | Vaults:3 | Reached skill level 11 in Fighting
 50437 | Vaults:3 | Reached skill level 7 in Dodging
 50520 | Vaults:3 | Reached skill level 1 in Evocations
 50646 | Vaults:3 | Reached skill level 2 in Evocations
 50805 | Vaults:3 | Identified the +7 sling of Undoing {speed, rElec}
 50811 | Vaults:3 | Reached skill level 3 in Evocations
 50825 | Vaults:3 | Identified the amulet of Lina {Regen+ Str+3 Int+3}
 50845 | Vaults:3 | Identified the ring of Ucohej {+Blink rF+ rC- rN+ Dex+2}
 50847 | Vaults:3 | Identified the ring of Raih {rPois Int+5}
 50886 | Vaults:3 | Reached skill level 4 in Evocations
 51154 | Vaults:4 | Reached skill level 5 in Evocations
 51533 | Vaults:4 | Reached skill level 13 in Necromancy
 51684 | Vaults:4 | Reached XP level 22. HP: 146/146 MP: 40/40
 52095 | Vaults:4 | Received a gift from Sif Muna
 52096 | Vaults:4 | Got Sif Muna's Vellum of Hyperthermia {god gift}
 52310 | Vaults:4 | Reached skill level 14 in Necromancy
 53036 | Elf:3    | Entered Level 3 of the Elven Halls
 53732 | Elf:3    | Noticed Norris
 53742 | Elf:3    | Killed Norris
 53743 | Elf:3    | Reached skill level 15 in Necromancy
 54315 | Elf:3    | Identified the ring "Umasef" {Fly rC++ Int+5}
 54764 | Elf:3    | Identified the +6 dagger of Cataclysm {drain, *Slow rElec
                  | rF+ Str+4}
 55266 | Elf:3    | Identified the ring "Hacao" {Ice Fly MP+9}
 55298 | Elf:3    | Identified the ring of Nidwac {rPois Str+3}
 55481 | Elf:3    | Identified the +9 broad axe of the Squeaky God {flame, rN++
                  | Str+4 SInv}
 55481 | Elf:3    | Identified the ring "Uruch" {rC+ Dex+2}
 55819 | Elf:3    | Identified the +9 longbow of Demand {flame, rF- Int+3}
 55999 | Elf:3    | Identified the staff "Bynuhuadgh" {+Blink rPois Int-3 Dex+4
                  | SInv Alchemy}
 56537 | Depths:1 | Entered Level 1 of the Depths
 56626 | Depths:1 | Found a one-way gate to the infinite horrors of the Abyss.
 56874 | Depths:1 | Found a gateway to Hell.
 56989 | Depths:1 | Found Enunt's Weapon Boutique.
 57057 | Depths:1 | Reached skill level 12 in Fighting
 57400 | Depths:1 | Identified the orb "Ihemp" {*channel, Slay+5 Conj}
 57697 | Depths:1 | Found a one-way gateway to a ziggurat.
 57893 | Depths:1 | Reached skill level 16 in Summonings
 58089 | Depths:1 | Reached XP level 23. HP: 154/154 MP: 29/41
 58114 | Depths:1 | You are cast into the Abyss!
 58114 | Abyss:2  | Cast into level 2 of the Abyss (hell knight)
 58265 | Abyss:2  | Received a gift from Sif Muna
 58591 | Abyss:3  | Found a corrupted altar of Lugonu.
 58662 | Abyss:3  | Reached skill level 15 in Spellcasting
 58797 | Depths:1 | You pass through the gate.
 58797 | Depths:1 | Escaped the Abyss
 59138 | Depths:1 | Found Riarabrits's Fire Supplies.
 59157 | Depths:1 | Received a gift from Sif Muna
 59440 | Depths:1 | Learned a level 9 spell: Dragon's Call
 59849 | Depths:1 | Found an ancient bone altar of Kikubaaqudgha.
 59894 | Depths:2 | Found the +7 hand cannon "Mule" {flame, backblast, rF+}
 60233 | Depths:2 | Found a one-way gate leading to the halls of Pandemonium.
 60244 | Depths:2 | Reached skill level 16 in Spellcasting
 60462 | Depths:2 | Found Gozag's Antique Armour Boutique.
 60467 | Depths:2 | Reached skill level 17 in Unarmed Combat
 60586 | Depths:2 | Found an opulent altar of Gozag.
 60586 | Depths:2 | Found Gozag's Antique Armour Shop.
 60586 | Depths:2 | Noticed a golden dragon
 60609 | Depths:2 | Found Gozag's Antique Armour Shop.
 61368 | Depths:3 | Reached skill level 17 in Summonings
 61369 | Depths:3 | Received a gift from Sif Muna
 61370 | Depths:3 | Got Duitahoa's Compendium of Wicked Secrets {god gift}
 62475 | Depths:2 | Killed from afar by a Tzitzimitl

Vanquished Creatures
  A bone dragon (Depths:1)
  A titan (Depths:1)
  Asterion (Elf:1)
  2 sphinxes (Vaults:4)
  4 tentacled starspawn (Abyss:3)
  Donald (Swamp:3)
  3 nagarajas
  3 deep elf sorcerers (Elf:3)
  3 orc warlords
  A ghoul (Swamp:4)
  An angel (Depths:1)
  3 vault wardens
  2 eleionomae
  2 formless jellyfish
  4 ironbound preservers
  A reaper (Depths:2)
  2 spriggan defenders (Depths:2)
  5 stone giants
  2 ironbound thunderhulks (Vaults:3)
  3 deep elf death magi
  6 very ugly things
  2 deep elf annihilators (Elf:3)
  2 dire elephants (Vaults:4)
  2 deep elf demonologists (Elf:3)
  3 bunyips
  3 war gargoyles
  A spark wasp (Depths:3)
  2 green deaths
  A crystal guardian (Vaults:3)
  3 ettins
  A merfolk impaler (Depths:1)
  An entropy weaver (Vaults:2)
  3 vault guards
  A deep elf high priest (Elf:3)
  2 salamander tyrants (Snake:4)
  A spriggan zombie (Abyss:2)
  5 yaktaur captains
  3 great orbs of eyes
  A caustic shrike simulacrum (Depths:2)
  An alligator (Swamp:3)
  7 hydras
  12 centaur warriors
  5 ice dragons
  A hell beast (Depths:1)
  3 peacekeepers
  A spriggan air mage (Depths:2)
  6 ironbound frosthearts
  6 dancing weapons
  3 deep troll shamans
  An ogre mage (Swamp:4)
  A boulder beetle (Vaults:3)
  2 two-headed ogres
  6 death yaks
  4 deep troll earth magi
  2 naga warriors (Snake:4)
  5 tengu warriors (Depths:1)
  4 deep elf knights
  A shock serpent (Snake:2)
  5 thrashing horrors
  A sun demon (Depths:2)
  A soul eater (Swamp:4)
  3 naga sharpshooters (Snake:4)
  2 spriggan berserkers
  2 skysharks (Elf:3)
  3 sixfirhies
  A salamander mystic (Snake:4)
  2 wretched stars
  An iron troll (Depths:2)
  3 spriggan druids
  A quicksilver dragon simulacrum (Depths:1)
  A goliath frog (Swamp:3)
  5 arcanists
  18 deep trolls
  3 naga ritualists
  A spatial maelstrom (Abyss:3)
  3 swamp dragons
  2 glowing orange brains
  5 mana vipers
  8 ironbound convokers
  2 necromancers
  4 deep elf archers (Elf:2)
  3 bog bodies
  A spriggan simulacrum (Depths:3)
  4 deep elf zephyrmancers
  4 lindwurms
  10 deep elf pyromancers
  5 harpies
  2 will-o-the-wisps
  3 orc knights
  An elf skeleton (Vaults:4)
  2 human zombies
  An orc sorcerer (Swamp:4)
  4 large abominations
  6 salamanders
  A cyclops (D:15)
  2 manticores
  13 ugly things
  An elephant (Lair:2)
  2 meliai (D:15)
  2 kobold blastminers
  A frost giant skeleton (Depths:2)
  2 guardian serpents
  4 vault sentinels
  A human skeleton (Vaults:1)
  17 black mambas
  5 cane toads
  5 naga magi
  A smoke demon (Depths:2)
  A gargoyle (D:10)
  An unseen horror (D:11)
  An orange demon (Abyss:2)
  2 komodo dragons
  A torpor snail (Lair:5)
  A rime drake (Lair:5)
  A freezing wraith (Vaults:3)
  10 yaktaurs
  A tormentor (Depths:2)
  A polar bear (D:10)
  A tarantella (Vaults:2)
  6 hornets
  A bloated husk (Swamp:4)
  8 tyrant leeches
  5 blink frogs (Lair:4)
  A hellwing (Swamp:4)
  3 dream sheep
  3 raiju (Abyss:3)
  10 slime creatures
  A centaur simulacrum (D:10)
  A wyvern (D:9)
  An air elemental (Elf:1)
  3 spriggans
  17 yaks
  2 water elementals
  5 starcursed masses
  A ynoxinul (Abyss:3)
  A basilisk (Lair:5)
  A redback (Vaults:2)
  4 steam dragons
  A neqoxec (Abyss:3)
  3 vampire mosquitoes
  5 swamp worms
  A chaos spawn (Abyss:3)
  2 acid dragons
  16 nagas
  3 water moccasins
  A glowing shapeshifter skeleton (Vaults:3)
  24 nameless horrors
  2 sky beasts (D:9)
  An ice beast (D:6)
  8 orc warriors
  3 laughing skulls (Abyss:2)
  4 wolves
  2 small abominations (Abyss:3)
  3 centaurs
  2 weeping skulls (Abyss:3)
  3 elf zombies (Elf:1)
  4 kobold brigands
  A brain worm (Abyss:3)
  A gnoll sergeant (D:10)
  3 bullfrogs
  2 wights (D:7)
  7 killer bees
  5 electric eels
  A howler monkey (D:10)
  A crimson imp (Abyss:2)
  A gnoll bouda (D:6)
  An orc priest (D:9)
  7 orc wizards
  2 polar bear simulacra (D:10)
  A yak simulacrum (D:10)
  2 wolf simulacra (D:10)
  A gnoll (D:6)
  3 shadow imps
  2 white imps (D:10)
  4 ufetubi
  A ribbon worm (D:5)
  A dart slug (D:4)
  14 orcs
  A bat (D:3)
  2 giant cockroaches (D:1)
  3 goblins
  2 hobgoblins
  A ball python (D:1)
  5 kobolds
  A starspawn tentacle (Abyss:3)
598 creatures vanquished.

Vanquished Creatures (collateral kills)
  Bai Suzhen (Swamp:2)
  Norris (Elf:3)
  Nikola (Swamp:3)
  Jorgrun (Swamp:3)
  A lich (Abyss:2)
  A titan (Depths:3)
  2 deep elf master archers (Elf:3)
  Agnes (Elf:2)
  A thorn hunter (Swamp:3)
  3 sphinxes
  Aizul (Snake:1)
  3 fenstrider witches (Swamp:4)
  2 tengu reavers
  2 nagarajas
  A frost giant (Depths:3)
  3 daevas
  15 vault wardens
  6 deep elf sorcerers (Elf:3)
  An iron dragon (Depths:1)
  A reaper (Depths:2)
  3 deep elf elementalists (Elf:3)
  3 ironbound thunderhulks
  5 very ugly things
  8 ironbound preservers
  3 deep elf demonologists (Elf:3)
  4 stone giants
  5 deep elf death magi
  3 eleionomae
  3 deep elf annihilators
  4 bunyips
  3 dire elephants
  A green death (Swamp:4)
  5 crystal guardians
  2 fire dragons
  2 ettins
  2 merfolk impalers (Depths:1)
  A merfolk javelineer (Depths:1)
  An entropy weaver (Vaults:2)
  A shambling mangrove (Swamp:4)
  4 yaktaur captains
  Josephine (D:12)
  8 hydras
  3 deep elf high priests (Elf:3)
  A spriggan air mage (Depths:1)
  2 salamander tyrants
  5 vault guards
  3 ghost crabs (Swamp:4)
  2 peacekeepers (Vaults:3)
  Fannar (D:12)
  13 alligators
  14 anacondas
  2 great orbs of eyes
  2 ice dragons
  10 centaur warriors
  A two-headed ogre (D:12)
  5 ironbound frosthearts
  17 naga warriors
  4 tengu warriors (Depths:1)
  2 boulder beetles
  6 deep troll shamans
  3 shock serpents
  5 deep troll earth magi
  14 death yaks
  A spriggan berserker (Depths:1)
  11 dancing weapons
  A thrashing horror (Abyss:3)
  10 naga sharpshooters
  A wretched star (Abyss:3)
  4 hell knights (Depths:1)
  3 orc high priests
  A skyshark (Lair:5)
  Sonja (Lair:3)
  A deep elf knight (Elf:1)
  6 goliath frogs
  3 iron trolls
  A sixfirhy (Swamp:4)
  A storm dragon skeleton (Depths:3)
  15 mana vipers
  2 salamander mystics
  28 deep trolls
  2 spriggan druids (Swamp:2)
  9 naga ritualists
  A deep elf archer (Elf:1)
  A glowing orange brain (Depths:3)
  6 necromancers
  11 arcanists
  A flayed ghost (D:9)
  5 swamp dragons
  4 bog bodies
  A glowing orange brain (shapeshifter) (D:15)
  5 orc knights
  15 harpies
  5 deep elf zephyrmancers
  22 ugly things
  6 deep elf pyromancers
  9 ironbound convokers
  A frost giant zombie (Vaults:3)
  An oklob plant (Lair:5)
  3 manticores
  8 orc sorcerers
  6 lindwurms
  A fire giant zombie (Depths:3)
  5 salamanders
  4 cyclopes
  3 will-o-the-wisps
  4 elephants
  A meliai (D:15)
  13 naga magi
  A fire giant skeleton (Vaults:1)
  3 large abominations
  2 kobold blastminers
  A guardian serpent (Snake:4)
  6 vault sentinels
  An orange demon (Swamp:4)
  Joseph (D:7)
  30 black mambas
  An unseen horror (D:12)
  13 cane toads
  2 gargoyles
  5 torpor snails
  A kobold demonologist (D:12)
  20 yaktaurs
  9 komodo dragons
  2 rime drakes (Lair:5)
  A freezing wraith (D:9)
  A troll (D:13)
  2 hellwings (Swamp:4)
  A burning bush (Lair:4)
  A hornet (shapeshifter) (Elf:3)
  A bloated husk (Swamp:4)
  5 polar bears
  19 hornets
  22 blink frogs
  15 slime creatures
  6 tyrant leeches
  A jumping spider (Vaults:2)
  6 dream sheep (Lair:4)
  A glass eye (Depths:1)
  A frost giant simulacrum (Depths:2)
  A centaur simulacrum (D:10)
  An air elemental (Elf:1)
  Sigmund (D:3)
  7 wraiths
  26 yaks
  2 water elementals
  3 shadows
  14 spriggans
  2 wyverns (Lair:5)
  2 basilisks
  5 nameless horrors
  18 humans (D:13)
  9 vampire mosquitoes
  A neqoxec (Abyss:3)
  5 wargs
  A glowing shapeshifter zombie (Vaults:4)
  5 chaos spawn (Swamp:4)
  43 nagas
  A redback (Vaults:2)
  2 acid dragons
  8 swamp worms
  4 swamp drakes
  12 water moccasins
  2 glowing shapeshifter skeletons
  29 orc warriors
  A black bear (D:7)
  A laughing skull (Abyss:2)
  3 ice beasts
  15 centaurs
  2 sky beasts
  5 ogres
  14 wolves
  A phantom (D:6)
  2 kobold brigands
  10 bullfrogs
  2 gnoll sergeants
  2 earth elementals
  3 scorpions
  4 wights
  4 killer bees
  2 howler monkeys (D:10)
  2 hounds
  A quasit (D:4)
  A jelly (D:6)
  3 bombardier beetles
  9 orc priests
  A gnoll bouda (D:9)
  4 iguanas
  2 sleepcaps
  Jessica (D:3)
  10 orc wizards
  2 polar bear simulacra (D:10)
  2 wolf simulacra (D:10)
  8 mummies (Ossuary)
  Robin (D:2)
  8 adders
  25 gnolls
  A river rat (D:10)
  2 shadow imps (D:4)
  4 white imps
  2 ufetubi
  2 dart slugs (D:4)
  2 ribbon worms
  56 orcs
  2 ball pythons (D:1)
  3 bats
  9 endoplasms
  3 giant cockroaches
  13 goblins
  7 hobgoblins
  2 quokkas (D:1)
  A frilled lizard (D:1)
  A gnoll zombie (Ossuary)
  A hobgoblin zombie (Ossuary)
  18 kobolds
  4 kobold zombies (Ossuary)
  2 orc zombies (Ossuary)
  5 rats
  2 river rat simulacra (D:10)
  A spectral weapon (Elf:1)
1157 creatures vanquished.

Vanquished Creatures (others)
  A shambling mangrove (Swamp:4)
  2 alligators (Swamp:4)
  A dancing weapon (Elf:2)
  A swamp dragon (Swamp:3)
  A will-o-the-wisp (Swamp:4)
  2 yaktaurs (Vaults:2)
  A bloated husk (Swamp:4)
  A water elemental (D:15)
  An orc wizard (D:11)
  3 orcs (D:9)
  97 blazeheart cores
  2 foxfires (Swamp:3)
  18 snaplasher vines
  5 starspawn tentacles (Abyss:3)
136 creatures vanquished.

Grand Total: 1891 creatures vanquished

Table legend: (Time is in decaauts)
 A = Elapsed time spent in this place.
 B = Non-inter-level travel time spent in this place.
 C = Inter-level travel time spent in this place.
 D = Time resting spent in this place.
 E = Time spent auto-exploring this place.
 F = Levels seen in this place.
 G = Mean time per level.
                   A        B        C        D        E       F      G
               +--------+--------+--------+--------+--------+-----+--------+
         Total |  78023 |  72855 |   5168 |  11539 |  46103 |  44 | 1773.2 |
       Dungeon |  24072 |  21865 |   2207 |   2856 |  14992 |  15 | 1604.8 |
        Temple |      1 |      1 |      0 |      0 |      0 |   1 |    1.0 |
          Lair |   9408 |   8897 |    511 |   1443 |   5528 |   5 | 1881.6 |
         Swamp |   7563 |   7049 |    514 |   1737 |   4107 |   4 | 1890.8 |
     Snake Pit |   8037 |   7726 |    311 |   1053 |   5052 |   4 | 2009.2 |
  Orcish Mines |   3676 |   3093 |    583 |    265 |   1960 |   2 | 1838.0 |
   Elven Halls |   7178 |   6945 |    233 |   1228 |   4386 |   3 | 2392.7 |
        Vaults |  11719 |  11193 |    526 |   1110 |   7564 |   4 | 2929.8 |
        Depths |   5218 |   4939 |    279 |   1648 |   2018 |   3 | 1739.3 |
         Abyss |    650 |    650 |      0 |     84 |    307 |   2 |  325.0 |
       Ossuary |    496 |    496 |      0 |    113 |    185 |   1 |  496.0 |
               +--------+--------+--------+--------+--------+-----+--------+

Top non-repeatable levels by time:
   Elf:3: 4119 daAuts
 Snake:4: 3756 daAuts
Vaults:2: 3693 daAuts
  Lair:5: 3113 daAuts
Vaults:3: 2934 daAuts
    D:12: 2915 daAuts
Depths:1: 2798 daAuts
 Swamp:2: 2776 daAuts
 Swamp:4: 2639 daAuts
Vaults:4: 2621 daAuts
Vaults:1: 2470 daAuts
   Orc:2: 2317 daAuts
    D:13: 2180 daAuts
  Lair:4: 2017 daAuts
Depths:2: 1891 daAuts

Table legend:
 A = Non-vault XP
 B = Vault XP
 C = Vault XP percentage of total XP
 D = Non-vault monster count
 E = Vault monster count
 F = Vault count percentage of total count
                 A         B        C        D         E       F
            +---------+---------+-------+---------+---------+-------
      Total |  509441 |  300234 |  37.1 |    1180 |     552 |  31.9
            +---------+---------+-------+---------+---------+-------
        D:1 |      47 |       0 |   0.0 |      28 |       0 |   0.0
        D:2 |      24 |      41 |  63.1 |       7 |      14 |  66.7
        D:3 |      37 |     251 |  87.2 |       7 |       2 |  22.2
        D:4 |     496 |     123 |  19.9 |      29 |       9 |  23.7
        D:5 |     447 |       0 |   0.0 |      20 |       0 |   0.0
        D:6 |     752 |     160 |  17.5 |      20 |       2 |   9.1
        D:7 |    1591 |     439 |  21.6 |      18 |       1 |   5.3
        D:8 |     656 |    1677 |  71.9 |       8 |       6 |  42.9
        D:9 |    2713 |    4519 |  62.5 |      34 |      12 |  26.1
       D:10 |    1994 |    2455 |  55.2 |      21 |      29 |  58.0
       D:11 |    1930 |       0 |   0.0 |       9 |       0 |   0.0
       D:12 |    4426 |    3649 |  45.2 |      17 |      16 |  48.5
       D:13 |    2945 |    8610 |  74.5 |      15 |      25 |  62.5
       D:14 |   10675 |       0 |   0.0 |      29 |       0 |   0.0
       D:15 |    4447 |    2304 |  34.1 |      10 |       4 |  28.6
     Lair:1 |    5153 |       0 |   0.0 |      22 |       0 |   0.0
     Lair:2 |    7847 |     485 |   5.8 |      24 |       3 |  11.1
     Lair:3 |   10476 |     776 |   6.9 |      25 |       1 |   3.8
     Lair:4 |   19522 |    3991 |  17.0 |      59 |      15 |  20.3
     Lair:5 |   15970 |   11322 |  41.5 |      44 |      35 |  44.3
    Swamp:1 |   12684 |       0 |   0.0 |      26 |       0 |   0.0
    Swamp:2 |   18790 |    2978 |  13.7 |      33 |       1 |   2.9
    Swamp:3 |   14032 |    6998 |  33.3 |      28 |       4 |  12.5
    Swamp:4 |   12031 |   30192 |  71.5 |      24 |      46 |  65.7
    Snake:1 |   14577 |    6511 |  30.9 |      27 |      10 |  27.0
    Snake:2 |   25974 |       0 |   0.0 |      52 |       0 |   0.0
    Snake:3 |   12508 |       0 |   0.0 |      22 |       0 |   0.0
    Snake:4 |   31749 |   25021 |  44.1 |      66 |      41 |  38.3
      Orc:1 |    4952 |       0 |   0.0 |      38 |       0 |   0.0
      Orc:2 |    1921 |    5856 |  75.3 |      23 |      47 |  67.1
      Elf:1 |   14929 |    5710 |  27.7 |      22 |      10 |  31.2
      Elf:2 |   12503 |    3190 |  20.3 |      19 |       3 |  13.6
      Elf:3 |    8002 |   40433 |  83.5 |      14 |      36 |  72.0
   Vaults:1 |   15833 |   17866 |  53.0 |      23 |      30 |  56.6
   Vaults:2 |   45474 |   24741 |  35.2 |      71 |      31 |  30.4
   Vaults:3 |   39769 |   34230 |  46.3 |      53 |      44 |  45.4
   Vaults:4 |   30193 |   18336 |  37.8 |      45 |      21 |  31.8
   Depths:1 |   35151 |   24444 |  41.0 |      48 |      25 |  34.2
   Depths:2 |   21546 |   10086 |  31.9 |      28 |      11 |  28.2
   Depths:3 |   17930 |    2687 |  13.0 |      22 |       2 |   8.3
    Abyss:2 |    8513 |       0 |   0.0 |      16 |       0 |   0.0
    Abyss:3 |   18232 |       0 |   0.0 |      34 |       0 |   0.0
    Ossuary |       0 |     153 | 100.0 |       0 |      16 | 100.0
            +---------+---------+-------+---------+---------+-------
